 Dungeon Crawl Stone Soup version 0.30.1-11-g7821555f0a (webtiles) character file.

Game seed: 15515391118404791782

210 safid the Chiller (level 5, -1/41 HPs)
             Began as a Merfolk Ice Elementalist on Nov 1, 2023.
             Slain by Grinder (8 damage)
             ... while paralysed by Grinder
             ... on level 4 of the Dungeon.
             The game lasted 00:03:19 (3469 turns).

safid the Chiller (Merfolk Ice Elementalist)        Turns: 3469, Time: 00:03:20

Health: -1/41      AC:  2    Str:  8    XL:     5   Next: 88%
Magic:  6/10       EV:  2    Int: 16    God:
Gold:   144        SH:  0    Dex: 21    Spells: 6/10 levels left

rFire   . . .        h - +4 dagger
rCold   . . .        (no shield)
rNeg    . . .        a - +0 robe
rPois   .            (no helmet)
rElec   .            (no cloak)
rCorr   .            (no gloves)
SInv    .            (no boots)
Will    .....        (no amulet)
Stlth   ++           m - +6 ring of dexterity
HPRegen 0.26/turn    (no ring)
MPRegen 0.12/turn

%: no passive effects
@: paralysed, freezing walls
A: (nimble swimmer 2), mertail
a: no special abilities


You were on level 4 of the Dungeon.
You visited 1 branch of the dungeon, and saw 4 of its levels.

You collected 144 gold pieces.

Inventory:

Hand Weapons
 h - a +4 dagger (weapon)
Armour
 a - a +0 robe (worn)
Jewellery
 m - a +6 ring of dexterity (left hand)
Wands
 j - a wand of charming (5)
Scrolls
 d - a scroll of enchant weapon {unknown}
 f - a scroll of identify {unknown}
 g - 5 scrolls of teleportation {unknown}
 i - 2 scrolls of noise {unknown}
 p - a scroll of vulnerability {unknown}
Potions
 b - 2 potions of magic
 c - 2 potions of might
 e - 2 potions of mutation {unknown}
 k - 3 potions of heal wounds {unknown}
 l - a potion of brilliance {unknown}
 n - a potion of cancellation {unknown}
 o - a potion of ambrosia {unknown}
 q - a potion of curing {unknown}
 r - a potion of invisibility {unknown}


   Skills:
 + Level 3.2 Fighting
 - Level 2.6 Dodging
 - Level 2.1 Stealth
 + Level 3.4 Spellcasting
 + Level 5.7 Ice Magic


You had 6 spell levels left.
You knew the following spells:

 Your Spells              Type           Power      Damage    Failure   Level
a - Freeze                Ice            84%        1d9       1%          1
b - Frozen Ramparts       Ice            42%        1d7       5%          3

Your spell library contained the following spells:

 Spells                   Type           Power      Damage    Failure   Level
 Ozocubu's Armour         Ice            21%        N/A       5%          3
 Summon Ice Beast         Ice/Summ       11%        N/A       50%         4


Dungeon Overview and Level Annotations

Branches:
Dungeon (4/15)
 Temple: D:4-7

Altars:
Ashenzari
Uskayaw
Yredelemnul

Annotations:
D:2 1 runed translucent door, Crazy Yiuf
D:3 1 runed translucent door, middlethird's ghost, weakling VSMo
D:4 Grinder


Innate Abilities, Weirdness & Mutations

((You are very nimble when in or above water. (Stealth+, EV+, Speed+++)))
Your lower body shifts to a powerful aquatic tail in water.


Message History

Unknown command.
You closely miss Grinder.
Grinder is lightly wounded.
Grinder completely resists.
The wall freezes Grinder but does no damage.
Grinder closely misses you.
The wall freezes the hobgoblin but does no damage.
Unknown command.
You closely miss Grinder.
Grinder is lightly wounded.
Grinder resists.
The wall freezes Grinder.
Grinder hits you but does no damage.
The wall freezes the hobgoblin.
The hobgoblin drinks a potion.
The hobgoblin seems to grow stronger.
Unknown command.
You hit Grinder.
Grinder is moderately wounded.
Grinder completely resists.
The wall freezes Grinder but does no damage.
Grinder blinks!
The wall freezes the hobgoblin.
The hobgoblin hits you.
* * * LOW HITPOINT WARNING * * *
Unknown command.
Your frozen ramparts will break if you move.
Continue?
Okay, then.
Your frozen ramparts will break if you move.
Continue?
Okay, then.
You puncture the hobgoblin!
You kill the hobgoblin!
Grinder completely resists.
The wall freezes Grinder but does no damage.
Unknown command.
You hit Grinder.
Grinder is heavily wounded.
Grinder resists.
The wall freezes Grinder.
Grinder gestures at you.
You suddenly lose the ability to move!
A kobold comes into view. It is wielding a +0 short sword.
The kobold shouts!
The wall freezes Grinder but does no damage.
Grinder hits you!
You die...

...............#..#......
....K.....>....#..#....#.
####...###.#.##..#.####.
#...# #.........# #..)#
###.......# #...#
####†#### ##...## #.#
#.....# ... #.###@# ...##
#.# #5# #.#.. #.# #..
..#.# #.. ...# ..#.# #.#
.... #.##.#.## #.##. .#
.. .#


You could see Grinder and a kobold.

Vanquished Creatures
  A scorpion (D:4)
  7 adders
  A shadow imp (D:3)
  An ufetubus (D:4)
  2 worms
  4 dart slugs
  3 orcs (D:3)
  2 bats (D:1)
  4 endoplasms
  2 giant cockroaches
  7 goblins
  5 hobgoblins
  A quokka (D:1)
  7 ball pythons
  A frilled lizard (D:1)
  9 kobolds
  3 rats
60 creatures vanquished.

Notes
Turn   | Place    | Note
-------+----------+-------------------------------------------
     0 | D:1      | safid the Merfolk Ice Elementalist began the quest for the
                  | Orb.
     0 | D:1      | Reached XP level 1. HP: 13/13 MP: 3/3
   243 | D:1      | Reached XP level 2. HP: 18/20 MP: 3/5
   376 | D:1      | Reached skill level 1 in Fighting
   763 | D:1      | Reached XP level 3. HP: 16/26 MP: 6/6
   767 | D:1      | Learned a level 3 spell: Frozen Ramparts
   931 | D:1      | Found a faded altar of an unknown god.
  1307 | D:2      | Reached skill level 5 in Ice Magic
  1389 | D:2      | Reached XP level 4. HP: 29/33 MP: 8/8
  1565 | D:2      | Found a runed translucent door.
  1566 | D:2      | Noticed Crazy Yiuf
  2188 | D:3      | Reached XP level 5. HP: 39/39 MP: 5/9
  2474 | D:3      | Found a runed translucent door.
  2474 | D:3      | Noticed middlethird's ghost (weakling VSMo)
  2618 | D:3      | Found a basalt altar of Yredelemnul.
  2621 | D:3      | Found a broken altar of Ashenzari.
  2624 | D:3      | Found a hide-covered altar of Uskayaw.
  3451 | D:4      | Noticed Grinder
  3456 | D:4      | Paralysed by Grinder for 2 turns
  3468 | D:4      | Paralysed by Grinder for 3 turns
  3469 | D:4      | Slain by Grinder

Illustrated notes

Levels and vault maps discovered:
D:1:      amcnicky_arrival_abandoned_market, layout_loops_ring,
          ebering_ecumenical_altar_rust
D:2:      layout_basic, minmay_between, uniq_crazy_yiuf_cottage
D:3:      layout_basic, grunt_temple_overflow_diamond, gammafunk_ghost_grave
D:4:      layout_loops_cross, elyvilon_altar_5, uniq_eustachio, uniq_duvessa,
          uniq_grinder

Skill      XL: |  1  2  3  4  5 |
---------------+----------------+-----
Fighting       | 1 2 3 |  3.2
Ice Magic      | 5 |  5.7
Spellcasting   | 3 |  3.4
Dodging        | |  2.6
Stealth        | |  2.1

Action                     |  1- 3 |  4- 6 || total
---------------------------+-------+-------++-------
  Melee: Unarmed           |     2 |       ||     2
         Whip              |    41 |       ||    41
         Dagger            |    29 |    60 ||    89
   Cast: Freeze            |    23 |    32 ||    55
         Frozen Ramparts   |       |     5 ||     5
   Stab: Sleeping          |     6 |     3 ||     9
 Armour: Robe              |    13 |    10 ||    23
  Dodge: Dodged            |    53 |    49 ||   102
